 Dungeon Crawl Stone Soup version 0.31-a0-459-gc8a9bf3d51 (webtiles) character file.

Game seed: 10967831202522496026

84 Ethylacetat the Insei (level 4, -1/24 HPs)
             Began as a Vine Stalker Monk on Aug 4, 2023.
             Killed by divine providence
             ... invoked by an orc priest
              (8 damage)
             ... on level 3 of the Dungeon.
             The game lasted 00:03:03 (1691 turns).

Ethylacetat the Insei (Vine Stalker Monk)           Turns: 1691, Time: 00:03:08

Health: -1/24      AC: 10    Str: 14    XL:     4   Next: 45%
Magic:  0/7        EV: 10    Int: 10    God:
Gold:   92         SH:  0    Dex: 18    Spells: 6/6 levels left

rFire   + .          .
                       - Unarmed
rCold   . . .        c - orb {light}
rNeg    . . .        m - +4 scale mail {rF+}
rPois   .            (no helmet)
rElec   .            (no cloak)
rCorr   .            (no gloves)
SInv    .            (no boots)
Will    .....        i - amulet of magic regeneration Stlth
                     (no ring)
HPRegen 1.04/turn    (no ring)
MPRegen 0.50/turn

%: guardian spirit
@: confused, ambrosia-drunk, glowing, studying Shields
A: fangs 2, regeneration 1, magic shield, antimagic bite, no potion heal 2
a: no special abilities


You were on level 3 of the Dungeon.
You visited 1 branch of the dungeon, and saw 3 of its levels.

You collected 92 gold pieces.

Inventory:

Missiles
 f - 5 javelins
Armour
 c - an orb of light (worn)
 m - a +4 scale mail of fire resistance (worn)
Jewellery
 i - an amulet of magic regeneration (around neck)
Wands
 k - a wand of polymorph (2)
Scrolls
 d - 4 scrolls of identify {unknown}
 g - a scroll of immolation {unknown}
 h - a scroll of amnesia {unknown}
 j - a scroll of revelation {unknown}
Potions
 a - a potion of brilliance {unknown}
 e - a potion of lignification {unknown}
 l - a potion of degeneration {unknown}
 n - a potion of berserk rage {unknown}
 o - a potion of curing {unknown}


   Skills:
 + Level 3.3 Fighting
 - Level 2.4 Dodging
 + Level 2.3 Shields
 - Level 3.6 Unarmed Combat
 + Level 1.7 Spellcasting


You had 6 spell levels left.
You didn't know any spells.
Your spell library contained the following spells:

 Spells                   Type           Power      Damage    Failure   Level
 Sublimation of Blood     Necr           0%         N/A       91%         2
 Petrify                  Tmut/Erth      0%         N/A       100%        4
 Irradiate                Conj/Tmut      0%         3d11      100%        5
 Conjure Ball Lightning   Conj/Air       0%         3x3d6     100%        6
 Discord                  Hex            0%         N/A       100%        8
 Disjunction              Tloc           0%         N/A       100%        8


Dungeon Overview and Level Annotations

Branches:
Dungeon (3/15)

Altars:
Zin

Annotations:
D:2 1 runed translucent door, Crazy Yiuf


Innate Abilities, Weirdness & Mutations

You have extremely sharp teeth.
Your natural rate of healing is unusually fast.
When hurt, damage is shared between your health and your magic reserves.
Your bite disrupts and absorbs the magic of your enemies.
Potions cannot restore your health.


Message History

The orc priest casts a cantrip, but nothing happens.
You hit the orc. You bite the orc. You drain its power.
The orc is severely wounded.
The orc hits you but does no damage.
You barely miss the orc.
The orc is severely wounded.
You hit the orc but do no damage. You bite the orc.
You kill the orc!
You hit the orc but do no damage. Your bite misses the orc.
An orc warrior comes into view. It is wielding a +0 dire flail.
You hit the orc.
The orc is lightly wounded.
The orc completely misses you.
You hit the orc. You bite the orc, but do no damage.
The orc is heavily wounded.
The orc priest hits you with a +0 short sword.
The orc barely misses you.
You hit the orc.
The orc is almost dead.
The orc hits you but does no damage.
The orc priest invokes the aid of Beogh against you.
Beogh smites you!
You barely miss the orc.
The orc is almost dead.
The orc closely misses you.
The orc priest invokes the aid of Beogh against you.
Beogh smites you!
* * * LOW HITPOINT WARNING * * *
Unknown command.
Okay, then.
You are confused.
Your system rejects the healing.
You feel invigorated. The orc barely misses you.
A dart slug comes into view.
The dart slug launches a dart at you.
The slug dart hits you but does no damage.
The orc closely misses you.
The orc priest calls down the wrath of Beogh upon you.
Beogh smites you!
You die...

#............#
#............#
#............# ##
+.........#### ..
#....#....# #. .
#....#....######.
w..########.#...........
......oo...?......>.....
.......@o.###...........
............)......##.#.
................♣+♣♣♣'♣.
##.######.......♣.....♣.
.. .##....#♣.≈≈≈.♣. # .
....#♣.....♣. .
.....+.._..'. ..
♣.....♣. ♣.≈≈≈.♣#


You could see an orc warrior, an orc priest, a dart slug and an orc.

Vanquished Creatures
  Jessica (D:2)
  A gnoll (D:2)
  An orc (D:3)
  8 bats
  3 endoplasms
  2 giant cockroaches
  3 goblins (D:1)
  3 hobgoblins
  6 jackals (D:2)
  3 quokkas (D:2)
  6 ball pythons
  2 frilled lizards
  2 kobolds
  4 rats
45 creatures vanquished.

Notes
Turn   | Place    | Note
-------+----------+-------------------------------------------
     0 | D:1      | Ethylacetat the Vine Stalker Monk began the quest for the
                  | Orb.
     0 | D:1      | Reached XP level 1. HP: 11/11 MP: 2/2
   163 | D:1      | Reached XP level 2. HP: 16/16 MP: 3/3
   191 | D:1      | Reached skill level 1 in Shields
   804 | D:2      | Reached skill level 1 in Spellcasting
   854 | D:2      | Noticed Jessica
   859 | D:2      | Reached XP level 3. HP: 18/20 MP: 5/5
   869 | D:2      | Killed Jessica
  1006 | D:2      | Gained mutation: Your natural rate of healing is unusually
                  | fast. [Vine Stalker growth]
  1006 | D:2      | Reached XP level 4. HP: 24/24 MP: 7/7
  1164 | D:2      | Found a runed translucent door.
  1165 | D:2      | Noticed Crazy Yiuf
  1214 | D:2      | Found a faded altar of an unknown god.
  1253 | D:2      | Noticed Terence
  1263 | D:2      | Terence changed into Terence the gnoll
  1263 | D:2      | Noticed Terence
  1273 | D:2      | Killed Terence the gnoll
  1618 | D:3      | Found a glowing silver altar of Zin.
  1685 | D:3      | Noticed an orc warrior
  1691 | D:3      | Killed from afar by an orc priest

Illustrated notes

Levels and vault maps discovered:
D:1:      kennysheep_arrival_forest, layout_loops_cross
D:2:      layout_loops_ring, shapermc_ecumenical_altar_flowoftime,
          uniq_crazy_yiuf_cottage, uniq_terence, uniq_jessica
D:3:      layout_basic, nicolae_overflow_hidden_temple,
          mainiacjoe_overflow_six_doors_small, slow_altar_1

Skill      XL: |  1  2  3 |
---------------+----------+-----
Shields        | 1 2 |  2.3
Fighting       | 3 |  3.3
Spellcasting   | 1 |  1.7
Dodging        | |  2.4
Unarmed Combat | |  3.6

Action                     |  1- 3 |  4- 6 || total
---------------------------+-------+-------++-------
  Melee: Unarmed           |    87 |    47 ||   134
         Bite              |    20 |    17 ||    37
  Evoke: Wand              |       |     1 ||     1
    Use: Potion            |       |     1 ||     1
 Armour: Ring mail         |    18 |       ||    18
         Scale mail        |    14 |    19 ||    33
  Dodge: Dodged            |    41 |    23 ||    64

Table legend: (Time is in decaauts)
 A = Elapsed time spent in this place.
 B = Non-inter-level travel time spent in this place.
 C = Inter-level travel time spent in this place.
 D = Time resting spent in this place.
 E = Time spent auto-exploring this place.
 F = Levels seen in this place.
 G = Mean time per level.
                   A        B        C        D        E       F      G
               +--------+--------+--------+--------+--------+-----+--------+
         Total |   1682 |   1629 |     53 |      0 |   1288 |   3 |  560.7 |
       Dungeon |   1682 |   1629 |     53 |      0 |   1288 |   3 |  560.7 |
               +--------+--------+--------+--------+--------+-----+--------+

Top non-repeatable levels by time:
     D:2: 863 daAuts
     D:1: 726 daAuts
     D:3: 92 daAuts
